 Dungeon Crawl Stone Soup version 0.21.1 (webtiles) character file.

377 zhorgal the Covert (level 6, -1/56 HPs)
             Began as a Naga Fighter on Feb 3, 2018.
             Slain by Natasha (3 damage)
             ... on level 3 of the Dungeon on Feb 4, 2018.
             The game lasted 00:17:24 (2138 turns).

zhorgal the Covert (Naga Fighter)                   Turns: 2138, Time: 00:17:25

Health: -1/56      AC:  8    Str: 19    XL:     6   Next: 73%
Magic:  6/6        EV:  5    Int: 10    God:
Gold:   100        SH:  8    Dex: 10    Spells: 5/5 levels left

rFire    . . .     SeeInvis +   a - +0 war axe
rCold    . . .     Gourm    .   c - +0 shield
rNeg     . . .     Faith    .   s - +0 scale mail
rPois    +         Spirit   .   j - +2 helmet
rElec    .         Reflect  .   (no cloak)
rCorr    .         Harm     .   (no gloves)
MR       .....                  (no barding)
Stlth    ++........             (no amulet)
HPRegen  0.18/turn              (no ring)
MPRegen  0.10/turn              (no ring)

@: short of breath, very slow
A: large, see invisible, deformed body, poison resistance, slowness 2, slow
metabolism 1, spit poison 1, AC +2
a: Spit Poison


You were on level 3 of the Dungeon.
You were not hungry.

You visited 1 branch of the dungeon, and saw 3 of its levels.

You collected 100 gold pieces.

Inventory:

Hand Weapons
 a - a +0 war axe (weapon)
 b - a +0 hunting sling
Missiles
 m - 13 sling bullets
 o - 85 stones (quivered)
 q - 7 arrows
 r - 8 tomahawks
Armour
 c - a +0 shield (worn)
 j - a +2 helmet (worn)
 s - a +0 scale mail (worn)
Scrolls
 d - 2 scrolls of identify {unknown}
 e - a scroll of blinking {unknown}
 l - a scroll of immolation {unknown}
 p - 2 scrolls of remove curse {unknown}
 t - a scroll of fog {unknown}
 u - a scroll of teleportation {unknown}
 v - 2 scrolls of magic mapping {unknown}
Potions
 h - a potion of invisibility
 i - a potion of haste {unknown}
 n - 2 potions of brilliance
Comestibles
 f - 4 rations
 g - 9 chunks of flesh


   Skills:
 - Level 3.0 Fighting
 - Level 3.9 Axes
 - Level 2.4 Armour
 + Level 8.8 Stealth
 - Level 2.4 Shields


You had 5 spell levels left.
You didn't know any spells.

Dungeon Overview and Level Annotations

Branches:
Dungeon (3/15)

Altars:

Annotations:
D:3 Natasha


Innate Abilities, Weirdness & Mutations

You cannot wear boots.
Your serpentine skin is tough. (AC +2)
You have supernaturally acute eyesight. (SInv)
Armour fits poorly on your strangely shaped body.
Your system is resistant to poisons. (rPois)
You cover ground very slowly.
You have a slow metabolism.
You can spit poison.


Message History

You miss Natasha.
You hit the shadow imp but do no damage.
You have got your breath back.
Natasha claws you but does no damage.
The shadow imp hits you but does no damage.
Natasha howls an incantation.
You feel troubled. Natasha claws you!
* * * LOW HITPOINT WARNING * * *
You take 8 damage, and have 3/56 hp.
Aim: Natasha (moderately wounded)
The splash of poison misses Natasha.
The splash of poison misses the iron imp.
You feel slightly more hungry. You block the shadow imp's attack.
Natasha claws you.
* * * LOW HITPOINT WARNING * * *
You take 1 damage, and have 2/56 hp.
You slash Natasha! You completely miss the shadow imp.
You block the shadow imp's attack. Natasha claws you.
You die...

#..# #..# #..# #..# #..#
#..# # #..# #..#
#..###..############
#..#...........5@h5#
#....##..#########)#
.....##..##.. #)#
..........#.# #5#
............######.#
...............o...#
....##..##..##..########
...## #....####...o..o..
...## ##..## #h.#######


You could see an iron imp, Natasha and a shadow imp.

Vanquished Creatures
  An ice beast (D:3)
  The ghost of Arthanis the Firebug, an amateur DEFE (D:3)
  A howler monkey (D:3)
  An orc priest (D:3)
  Natasha (D:3)
  4 adders (D:3)
  2 oozes
  2 worms
  8 orcs (D:3)
  6 bats
  3 giant cockroaches
  9 goblins
  6 hobgoblins
  4 jackals
  5 kobolds
  2 quokkas (D:3)
  A ball python (D:1)
  5 frilled lizards
  11 rats
73 creatures vanquished.

Notes
Turn   | Place    | Note
-------+----------+-------------------------------------------
     0 | D:1      | zhorgal the Naga Fighter began the quest for the Orb.
     0 | D:1      | Reached XP level 1. HP: 21/21 MP: 1/1
   443 | D:1      | Reached XP level 2. HP: 27/28 MP: 2/2
   827 | D:1      | Reached XP level 3. HP: 33/34 MP: 3/3
  1321 | D:3      | Reached skill level 2 in Stealth
  1321 | D:3      | Reached XP level 4. HP: 42/42 MP: 4/4
  1332 | D:3      | Noticed an ice beast
  1341 | D:3      | Killed an ice beast
  1341 | D:3      | Reached skill level 5 in Stealth
  1341 | D:3      | Reached XP level 5. HP: 33/49 MP: 5/5
  1503 | D:3      | Noticed Arthanis's ghost (amateur DEFE)
  1507 | D:3      | Reached skill level 6 in Stealth
  1529 | D:3      | Killed Arthanis's ghost
  1529 | D:3      | Reached skill level 7 in Stealth
  1529 | D:3      | Reached XP level 6. HP: 10/56 MP: 6/6
  1860 | D:3      | Reached skill level 8 in Stealth
  1921 | D:3      | Noticed Natasha
  1941 | D:3      | Killed Natasha
  2110 | D:3      | Noticed Natasha
  2137 | D:3      | HP: 2/56 [Natasha (2)]
  2138 | D:3      | Slain by Natasha

Skill      XL: |  1  2  3  4  5  6 |
---------------+-------------------+-----
Axes           | 3 |  3.9
Stealth        | 2 5 7 8 |  8.8
Fighting       | |  3.0
Armour         | |  2.4
Shields        | |  2.4

Action                   |  1- 3 |  4- 6 || total
-------------------------+-------+-------++-------
Melee: War axe           |   110 |    82 ||   192
 Abil: Spit Poison       |    13 |    25 ||    38
  Use: Potion            |       |     6 ||     6
 Stab: Invisible         |       |     2 ||     2
  Eat: Chunk             |     1 |     4 ||     5
Armor: Scale mail        |    70 |    43 ||   113
Dodge: Dodged            |    20 |    24 ||    44
Block: Shield            |    55 |    36 ||    91
